 Dungeon Crawl Stone Soup version 0.31-a0-614-gc85dc1c48c (webtiles) character file.

Game seed: 4468406126179925701

2887 AdnanSaban the Basher (level 9, -2/56 HPs)
             Began as a Gargoyle Fighter on Aug 22, 2023.
             Was a Follower of Okawaru.
             Shot with an arrow by a centaur warrior (3 damage)
             ... on level 8 of the Dungeon.
             The game lasted 00:05:51 (5638 turns).

AdnanSaban the Basher (Gargoyle Fighter)            Turns: 5638, Time: 00:05:52

Health: -2/56      AC: 18    Str: 24    XL:     9   Next: 77%
Magic:  9/9        EV: 15    Int:  9    God:    Okawaru [*.....]
Gold:   688        SH:  0    Dex:  9    Spells: 8/8 levels left

rFire   . . .        l - +0 dire flail (protect)
rCold   . . .        (shield currently unavailable)
rNeg    + . .        b - +0 scale mail
rPois   ∞            w - +1 hat
rElec   +            j - +0 cloak
rCorr   .            (no gloves)
SInv    .            t - +0 pair of boots
Will    .....        f - amulet of regeneration
Stlth   x              - +5 ring of evasion
HPRegen 1.09/turn    (no ring)
MPRegen 0.11/turn

%: no passive effects
@: no status effects
A: sickness immunity, AC +6, negative energy resistance 1, electricity
resistance, torment resistance 1, petrification resistance
a: Renounce Religion, Heroism


You were on level 8 of the Dungeon.
You worshipped Okawaru.
Okawaru was aware of your devotion.
You visited 2 branches of the dungeon, and saw 9 of its levels.

You collected 688 gold pieces.

Inventory:

Hand Weapons
 l - a +0 dire flail of protection (weapon)
Missiles
 m - 6 boomerangs
 o - 10 poisoned darts
 y - 2 datura-tipped darts
 D - 3 javelins
Armour
 b - a +0 scale mail (worn)
 c - a +0 buckler
 j - a +0 cloak (worn)
 t - a +0 pair of boots (worn)
 w - a +1 hat (worn)
Jewellery
 f - an amulet of regeneration (around neck)
 x - a +5 ring of evasion (left hand)
Scrolls
 e - 4 scrolls of fear {unknown}
 g - 4 scrolls of identify {unknown}
 h - a scroll of enchant armour {unknown}
 i - a scroll of blinking {unknown}
 n - 2 scrolls of fog {unknown}
 p - 3 scrolls of immolation {unknown}
 q - 3 scrolls of vulnerability {unknown}
 r - 3 scrolls of enchant weapon {unknown}
 u - a scroll of amnesia {unknown}
 C - 2 scrolls of teleportation {unknown}
Potions
 a - 3 potions of curing {unknown}
 d - 2 potions of might
 k - a potion of enlightenment {unknown}
 s - 2 potions of brilliance {unknown}
 v - 3 potions of magic {unknown}
 z - a potion of attraction {unknown}
 A - a potion of berserk rage {unknown}
 B - 2 potions of haste {unknown}
 E - a potion of heal wounds {unknown}
 F - a potion of lignification {unknown}


   Skills:
 + Level 6.9 Fighting
 + Level 9.6 Maces & Flails
 + Level 7.3 Armour
 + Level 2.8 Dodging
 + Level 0.8 Stealth
 + Level 3.8 Shields


You had 8 spell levels left.
You didn't know any spells.
Your spell library contained the following spells:

 Spells                   Type           Power      Damage    Failure   Level
 Freeze                   Ice            0%         1d3       65%         1
 Kiss of Death            Conj/Necr      0%         2d5       65%         1
 Confusing Touch          Hex            0%         N/A       95%         3
 Frozen Ramparts          Ice            0%         1d1       95%         3
 Gell's Gravitas          Tloc           0%         N/A       95%         3
 Hailstorm                Conj/Ice       0%         3d3       95%         3
 Portal Projectile        Hex/Tloc       0%         N/A       95%         3
 Teleport Other           Tloc           0%         N/A       95%         3
 Dispel Undead            Necr           0%         3d6       100%        4
 Iskenderun's Mystic Bla  Conj/Tloc      0%         2d3       100%        4
 Passage of Golubria      Tloc           0%         N/A       100%        4
 Silence                  Hex/Air        0%         N/A       100%        5
 Dispersal                Tloc           0%         N/A       100%        6
 Lehudib's Crystal Spear  Conj/Erth      0%         10d2      100%        8
 Tukima's Dance           Hex            Unusable   N/A       N/A         3

Dungeon Overview and Level Annotations

Branches:
Dungeon (8/15)             Temple (1/1) D:6
   Lair: D:8-11

Altars:
Ashenzari
Cheibriados
Fedhas
Gozag
Hepliaklqana
Kikubaaqudgha
Nemelex Xobeh
Okawaru
Qazlal
Ru
Sif Muna
Trog
Yredelemnul

Shops:
D:2 :**((   D:3 (   D:5 *   D:6 ?

Annotations:
D:6 3 runed translucent doors, blacky4's ghost, novice MiCK


Innate Abilities, Weirdness & Mutations

You are immune to sickness and miasma.
Your stone body is resilient. (AC +6)
You are immune to poison.
You resist negative energy. (rN+)
You are resistant to electric shocks. (rElec)
You are resistant to unholy torment.
You are immune to petrification.


Message History

The centaur warrior wields a +0 shortbow.
The centaur warrior shoots an arrow.
The arrow barely misses you.
You barely miss the orc wizard.
The centaur warrior shoots an arrow.
The arrow barely misses you. The orc wizard completely misses you.
The orc wizard hits the plant with a +0 dagger.
The plant begins to die.
You closely miss the orc wizard.
The centaur warrior shoots an arrow.
The arrow hits you.
The centaur warrior shoots an arrow.
The arrow hits you!
You barely miss the orc wizard.
The centaur warrior shoots an arrow.
The arrow hits you.
The orc wizard hits the plant with a +0 dagger.
You barely miss the orc wizard.
The centaur warrior shoots an arrow.
The arrow hits you!
The orc wizard hits the plant with a +0 dagger.
The orc wizard hits you but does no damage.
You closely miss the orc wizard. You sock the orc wizard!
Your weapon exudes an aura of protection.
The orc wizard is almost dead.
The centaur warrior shoots an arrow.
The arrow barely misses you.
The orc wizard mumbles some strange words.
The orc wizard flickers and vanishes!
Deactivating autopickup; reactivate with Ctrl-A.
You hit the orc wizard but do no damage.
The orc wizard is almost dead.
A nearby plant withers and dies.
The orc wizard misses you.
The centaur warrior unwields a +0 shortbow.
The centaur warrior hits you!
The centaur warrior kicks you but does no damage.
Something hits you but does no damage.
The centaur warrior wields a +0 shortbow.
The centaur warrior shoots an arrow.
The arrow hits you.
The centaur warrior shoots an arrow.
The arrow hits you!
* * * LOW HITPOINT WARNING * * *
The orc wizard casts a spell.
The orc wizard flickers and vanishes!
The centaur warrior shoots an arrow.
The arrow hits you!
* * * LOW HITPOINT WARNING * * *
The centaur warrior shoots an arrow.
The arrow hits you.
You die...

#......# #.#
#.<##### #.# # #.)#
#.# #. #.[# #.# #
#.#######.)# #.# ..
##...)......# #[#
##. ##.##..#.##..#
#.# ..#.
#....#§#..#..# #.#
##.#.#####..####@.#
#.# #
.D#.#..#.(.##.#...#
#.# #
#§.#.##)##.###.#..#
#%# #
..§.#D.#..........#
#.# #
...[.###.###c###..#
#.# #
#.####...#..{.P#..#
#.# # .
##..#.###o#..# #.#
# ##.#.#?#.#..# #.#
# ).#.#'#.#..# #.#
#


You could see a centaur warrior.

Vanquished Creatures
  Grinder (D:2)
  3 steam dragons
  A sky beast (D:6)
  2 ice beasts
  A black bear (D:3)
  2 ogres
  2 centaurs
  3 phantoms
  A bullfrog (D:7)
  A gnoll sergeant (D:6)
  5 scorpions
  4 wights
  3 orc priests
  3 hounds
  5 iguanas
  2 sleepcaps
  2 orc wizards (D:6)
  14 gnolls
  10 adders
  2 shadow imps
  An ufetubus (D:4)
  2 worms (D:3)
  5 dart slugs
  35 orcs
  4 ball pythons
  4 endoplasms
  3 giant cockroaches
  13 hobgoblins
  7 jackals
  5 kobolds
  2 quokkas (D:3)
  3 bats (D:2)
  2 frilled lizards
  9 goblins
  8 rats
170 creatures vanquished.

Notes
Turn   | Place    | Note
-------+----------+-------------------------------------------
     0 | D:1      | AdnanSaban the Gargoyle Fighter began the quest for the
                  | Orb.
     0 | D:1      | Reached XP level 1. HP: 14/14 MP: 1/1
   303 | D:1      | Reached XP level 2. HP: 18/19 MP: 2/2
   734 | D:2      | Found Dass's Book Emporium.
   799 | D:2      | Reached XP level 3. HP: 24/24 MP: 3/3
   926 | D:2      | Reached XP level 4. HP: 27/29 MP: 4/4
   934 | D:2      | Reached skill level 3 in Maces & Flails
  1078 | D:2      | Found a basalt altar of Yredelemnul.
  1150 | D:2      | Found Waycwita's Antique Weapon Boutique.
  1221 | D:2      | Found Qiffasok's Assorted Antiques.
  1428 | D:2      | Found Cyjo's Antique Weapon Shoppe.
  1459 | D:2      | Found Fapsuos's General Store.
  1587 | D:3      | Noticed Grinder
  1622 | D:2      | Paralysed by Grinder for 5 turns
  1639 | D:2      | Paralysed by Grinder for 4 turns
  1644 | D:2      | Paralysed by Grinder for 2 turns
  1646 | D:2      | Killed Grinder
  1647 | D:2      | Reached skill level 4 in Maces & Flails
  1647 | D:2      | Reached XP level 5. HP: 34/34 MP: 5/5
  1647 | D:2      | Reached XP level 6. HP: 39/39 MP: 6/6
  1696 | D:3      | Reached skill level 1 in Dodging
  1971 | D:3      | Reached skill level 5 in Maces & Flails
  2095 | D:3      | Found a faded altar of an unknown god.
  2100 | D:3      | Found a sacrificial altar of Ru.
  2265 | D:3      | Found Fovowk's Antique Weapon Shoppe.
  2524 | D:3      | Reached XP level 7. HP: 44/44 MP: 7/7
  2561 | D:3      | Reached skill level 5 in Armour
  2837 | D:4      | Reached skill level 6 in Maces & Flails
  3155 | D:5      | Entered Level 5 of the Dungeon
  3241 | D:5      | Reached XP level 8. HP: 42/48 MP: 8/8
  3257 | D:5      | Reached skill level 5 in Fighting
  3413 | D:5      | Found Ririd's Assorted Antiques.
  3650 | D:5      | Reached skill level 7 in Maces & Flails
  3896 | D:6      | Found Rysuunwu's Magic Scroll Shoppe.
  4061 | D:6      | Reached skill level 8 in Maces & Flails
  4069 | D:6      | Reached XP level 9. HP: 55/55 MP: 9/9
  4119 | D:6      | Noticed blacky4's ghost (novice MiCK)
  4120 | D:6      | Found a runed translucent gate.
  4121 | D:6      | Found a runed translucent gate.
  4122 | D:6      | Found a runed translucent gate.
  4122 | D:6      | Noticed a kobold demonologist
  4122 | D:6      | Noticed a two-headed ogre
  4130 | D:6      | Found a staircase to the Ecumenical Temple.
  4150 | Temple   | Entered the Ecumenical Temple
  4161 | Temple   | Became a worshipper of Warmaster Okawaru
  4430 | D:6      | Found a snail-covered altar of Cheibriados.
  4438 | D:6      | Found a bloodstained altar of Trog.
  4799 | D:6      | Reached skill level 9 in Maces & Flails
  4910 | D:7      | Found an ancient bone altar of Kikubaaqudgha.
  4970 | D:7      | Identified the +6 dagger "Demonslayer" {heavy, rC+ Dex+6}
  5073 | D:7      | Reached * piety under Okawaru
  5205 | D:7      | Found a hazy altar of Hepliaklqana.
  5624 | D:8      | Noticed a centaur warrior
  5638 | D:8      | HP: 1/56 [centaur warrior/arrow (16)]
  5638 | D:8      | Shot with an arrow by a centaur warrior

Illustrated notes

Levels and vault maps discovered:
D:1:      dpeg_arrival_pits, layout_basic
D:2:      layout_basic, basic_altar, serial_shops, shop,
          nicolae_shop_tiny_waterfront, shop, shop, nicolae_lakefront_shop
D:3:      layout_basic, nicolae_overflow_ecumenical_swirl, serial_shops,
          nicolae_shop_statue_plus, uniq_grinder
D:4:      cheibrodos_greedy_goblins, layout_rooms
D:5:      layout_basic, serial_shops, shop
D:6:      nicolae_cairo_tiling_large, layout_basic,
          mainiacjoe_overflow_big_doors, minmay_temple_entry_large_hall,
          gammafunk_ghost_split, nicolae_stop_n_shop_2,
          nicolae_twisty_statue_hallways
D:7:      layout_rooms, kennysheep_mini, lemuel_coloured_pillars_altar,
          dreamdust_wishing_well, chequers_garden, grunt_ministairs_10,
          corexii_corridor_pit
D:8:      layout_basic, grunt_dithmenos_smoke, nicolae_overflow_crystal_walls,
          yredelemnul_forgotten_temple_becter,
          nicolae_overflow_quartered_altars, nrook_pool_corridor,
          minmay_shattered_shrine
Temple:   hellmonk_temple_of_storms

Skill      XL: |  1  2  3  4  5  6  7  8  9 |
---------------+----------------------------+-----
Maces & Flails | 4 5 6 8 9 |  9.6
Armour         | 4 5 6 7 |  7.3
Fighting       | 4 6 |  6.9
Dodging        | 1 2 |  2.8
Stealth        | |  0.8
Shields        | |  3.8

Action                     |  1- 3 |  4- 6 |  7- 9 || total
---------------------------+-------+-------+-------++-------
  Melee: Flail             |    82 |    55 |       ||   137
         Dire flail        |       |   119 |   480 ||   599
 Armour: Scale mail        |    71 |    88 |   285 ||   444
  Dodge: Dodged            |    67 |    73 |   348 ||   488
  Block: Buckler           |    18 |     8 |       ||    26

Table legend: (Time is in decaauts)
 A = Elapsed time spent in this place.
 B = Non-inter-level travel time spent in this place.
 C = Inter-level travel time spent in this place.
 D = Time resting spent in this place.
 E = Time spent auto-exploring this place.
 F = Levels seen in this place.
 G = Mean time per level.
                   A        B        C        D        E       F      G
               +--------+--------+--------+--------+--------+-----+--------+
         Total |   5654 |   5430 |    224 |     22 |   4085 |   9 |  628.2 |
       Dungeon |   5631 |   5427 |    204 |     22 |   4085 |   8 |  703.9 |
        Temple |     22 |      2 |     20 |      0 |      0 |   1 |   22.0 |
               +--------+--------+--------+--------+--------+-----+--------+

Top non-repeatable levels by time:
     D:3: 1009 daAuts
     D:6: 971 daAuts
     D:2: 870 daAuts
     D:1: 746 daAuts
     D:5: 632 daAuts
     D:7: 628 daAuts
     D:4: 580 daAuts
     D:8: 192 daAuts
  Temple: 22 daAuts
